[Event "Early-Titled-Tuesday-Blitz-April-02-2024"]
[Site "Chess.com"]
[Date "2024.04.02"]
[Round "7"]
[White "Laico"]
[Black "OriTaichman"]
[Result "0-1"]
[WhiteElo "2409"]
[BlackElo "2568"]
[TimeControl "180+1"]
[EndTime "9:15:01 PDT"]
[Termination "OriTaichman won by resignation"]

1. e4 c5 2. Nc3 Nc6 3. f4 g6 4. Nf3 Bg7 5. Bb5 Nd4 6. O-O Nxb5 7. Nxb5 d5 8. exd5 a6 9. Nc3 Nf6 10. d4 c4 11. Ne5 Nxd5 12. Nxc4 Nxc3 13. bxc3 Qc7 14.
Qe2 Be6 15. Ne5 Qxc3 16. Be3 O-O 17. Qd2 Rac8 18. Qf2 Qxc2 19. Qf3 Rfd8 20. Rac1 Qxa2 21. Rxc8 Bxc8 22. f5 Bxf5 23. Nxf7 Qxf7 0-1

[Event "Early-Titled-Tuesday-Blitz-April-02-2024"]
[Site "Chess.com"]
[Date "2024.04.02"]
[Round "7"]
[White "JoshWeinstein"]
[Black "valik3504"]
[Result "0-1"]
[WhiteElo "2365"]
[BlackElo "2546"]
[TimeControl "180+1"]
[EndTime "9:15:04 PDT"]
[Termination "valik3504 won by resignation"]

1. e4 c5 2. Nc3 e6 3. Bc4 Nf6 4. d3 Nc6 5. Bb3 d6 6. Nf3 Be7 7. O-O O-O 8. h3 a6 9. a3 b5 10. Ne2 Bb7 11. c3 c4 12. Bc2 cxd3 13. Qxd3 Qc7 14.
Bg5 Rfd8 15. Rad1 Ne5 16. Nxe5 dxe5 17. Qf3 h6 18. Be3 a5 19. Ng3 b4 20. Bc1 bxa3 21. bxa3 Rac8 22. Ne2 Qc4 23. Rfe1 Bxe4 24. Bxe4 Qxe4 25.
Qxe4 Nxe4 26. Rxd8+ Bxd8 27. Ng3 Nxg3 28. fxg3 Rxc3 29. Bb2 Rxg3 30. Rxe5 Bf6 31. Rb5 Bxb2 0-1

[Event "Early-Titled-Tuesday-Blitz-April-02-2024"]
[Site "Chess.com"]
[Date "2024.04.02"]
[Round "7"]
[White "Kildepiotr"]
[Black "Likvidator228"]
[Result "1-0"]
[WhiteElo "2749"]
[BlackElo "2566"]
[TimeControl "180+1"]
[EndTime "9:15:05 PDT"]
[Termination "Kildepiotr won by resignation"]

1. Nf3 Nf6 2. g3 g6 3. Bg2 Bg7 4. O-O O-O 5. d4 d5 6. c4 c6 7.
Nc3 Ne4 8. Qb3 Nxc3 9. bxc3 dxc4 10. Qxc4 Be6 11. Qb4 Bc8 12. Bg5 Re8 13. a4 Na6 14.
Qb2 h6 15. Bf4 Nc7 16. e4 b6 17. Ne5 Bb7 18. a5 g5 19. axb6 axb6 20. Qxb6 gxf4 21. Qxb7 Bxe5 22. dxe5 Rxa1 23. Rxa1 fxg3 24. hxg3 Qd7 25. e6 fxe6 26. e5 Rf8 27. Qxc6 Qxc6 28. Bxc6 Nd5 29. c4 Nc3 30. Bd7 Kf7 31. Ra6 Rd8 32. Bxe6+ Kg7 33. c5 Ne2+ 34. Kg2 Nd4 35. Bg4 Rd5 36. c6 Rc5 37. Bd7 e6 38. Ra7 Kg6 39. c7 1-0

[Event "Early-Titled-Tuesday-Blitz-April-02-2024"]
[Site "Chess.com"]
[Date "2024.04.02"]
[Round "7"]
[White "TitanChess666"]
[Black "SAInt_666"]
[Result "0-1"]
[WhiteElo "2524"]
[BlackElo "2708"]
[TimeControl "180+1"]
[EndTime "9:15:06 PDT"]
[Termination "SAInt_666 won by resignation"]

1. e4 c5 2. Nf3 d6 3. d4 cxd4 4. Nxd4 Nf6 5. Nc3 Nc6 6. Bg5 e6 7. Qd2 a6 8. O-O-O Bd7 9. f3 Be7 10. h4 Qc7 11. Kb1 Nxd4 12. Qxd4 b5 13. g4 h5 14.
gxh5 Nxh5 15. Bxe7 Kxe7 16. Rg1 Rac8 17. Rg5 Bc6 18. Qd2 e5 19. Bh3 Rcd8 20. Bg4 Nf4 21. h5 Rh6 22. Ne2 Nxe2 23. Qxe2 Kf8 24. Bf5 f6 25. Rg6 Rxh5 26. Rdg1 Be8 27. Rxg7 Qxg7 28. Rxg7 Rh1+ 0-1

[Event "Early-Titled-Tuesday-Blitz-April-02-2024"]
[Site "Chess.com"]
[Date "2024.04.02"]
[Round "7"]
[White "MaestroCheck"]
[Black "Aslanov_Umid"]
[Result "1-0"]
[WhiteElo "2546"]
[BlackElo "2627"]
[TimeControl "180+1"]
[EndTime "9:15:10 PDT"]
[Termination "MaestroCheck won by resignation"]

1. e4 c5 2. Nc3 d6 3. Bb5+ Bd7 4. Bxd7+ Qxd7 5. d4 cxd4 6. Qxd4 Nc6 7. Qd3 g6 8. Nf3 Bg7 9. O-O Nf6 10. Nd5 Nxd5 11.
exd5 Ne5 12. Nxe5 Bxe5 13. c3 O-O 14. f4 Bg7 15. f5 a6 16. Bg5 Be5 17. Rae1 Qb5 18.
Qf3 f6 19. Bh6 Rf7 20. Qg4 Qd3 21. Re3 Qc2 22. Re2 Qd3 23. Rd2 Qxf1+ 24. Kxf1 g5 25. h4 Kh8 26. hxg5 Rg8 27. Qh5 Bf4 28. Qxf7 Bxd2 29. gxf6 Bxh6 30. fxe7 1-0

[Event "Early-Titled-Tuesday-Blitz-April-02-2024"]
[Site "Chess.com"]
[Date "2024.04.02"]
[Round "7"]
[White "Suduvasachmatai"]
[Black "Manukyan_Artak"]
[Result "0-1"]
[WhiteElo "2306"]
[BlackElo "2556"]
[TimeControl "180+1"]
[EndTime "9:15:14 PDT"]
[Termination "Manukyan_Artak won by resignation"]

1. e4 c6 2. Nf3 d5 3. Nc3 dxe4 4. Nxe4 Nf6 5. Qe2 Nxe4 6. Qxe4 Qd5 7. d3 Bf5 8. Qxd5 cxd5 9. Be2 Nc6 10. O-O e5 11.
Re1 f6 12. Nd2 Bd6 13. f4 O-O 14. Bf3 Nb4 15. c3 Nxd3 16. Bxd5+ Kh8 17. Rd1 Bc5+ 18. Kf1 Nxc1 19. Raxc1 Rad8 20. Nb3 Be3 21. Rc2 Bxc2 0-1

[Event "Early-Titled-Tuesday-Blitz-April-02-2024"]
[Site "Chess.com"]
[Date "2024.04.02"]
[Round "7"]
[White "JiaHaoxiang"]
[Black "mishanick"]
[Result "0-1"]
[WhiteElo "2603"]
[BlackElo "3028"]
[TimeControl "180+1"]
[EndTime "9:15:20 PDT"]
[Termination "mishanick won by resignation"]

1. e4 c5 2. a3 Nc6 3. b4 Nf6 4. Nc3 d6 5. Nf3 Bg4 6. Bb5 Rc8 7. h3 Bxf3 8. Qxf3 a6 9. Bxc6+ Rxc6 10. O-O e6 11. bxc5 Rxc5 12. d4 Rc4 13. Rb1 Qc8 14.
Rb3 Be7 15. e5 dxe5 16. dxe5 Nd7 17. Bb2 Nc5 18. Rb4 Rxb4 19. axb4 Nd7 20. Qg3 O-O 21. Ne4 Kh8 22. c3 Qc4 23. Rd1 Nb6 24. Nd6 Qe2 25. Qf3 Qxb2 26. Qxb7 Qb3 27. Rd2 Nd5 28. c4 Qxb4 29.
cxd5 Bxd6 30. Qxb4 Bxb4 31. Rb2 Bc3 32. Rc2 Bxe5 33.
dxe6 fxe6 34. Rc6 Bd4 0-1

[Event "Early-Titled-Tuesday-Blitz-April-02-2024"]
[Site "Chess.com"]
[Date "2024.04.02"]
[Round "7"]
[White "rezamahdavi2008"]
[Black "stolencandy13"]
[Result "1-0"]
[WhiteElo "2906"]
[BlackElo "2672"]
[TimeControl "180+1"]
[EndTime "9:15:23 PDT"]
[Termination "rezamahdavi2008 won by checkmate"]

1. e4 c6 2. d4 d5 3. e5 Bf5 4. Nf3 e6 5. Be2 Bg6 6. O-O Nh6 7. Nbd2 Nd7 8. Nb3 a6 9. a4 Rc8 10. a5 Nf5 11. c3 Be7 12. g4 Nh4 13. Nxh4 Bxh4 14.
f4 f5 15. Bd3 O-O 16. Be3 Qe8 17. g5 Bh5 18. Be2 Bg6 19. Nd2 h6 20. Nf3 hxg5 21. fxg5 f4 22. Bd2 Qe7 23. Nxh4 Qxg5+ 24. Ng2 Be4 25.
Bg4 Rce8 26. Bxf4 Rxf4 27. Nxf4 Rf8 28. Ng2 c5 29. Bxe6+ Kh7 30. Qg4 Rxf1+ 31. Rxf1 Qe7 32. Qh5# 1-0

[Event "Early-Titled-Tuesday-Blitz-April-02-2024"]
[Site "Chess.com"]
[Date "2024.04.02"]
[Round "7"]
[White "AnaKuchava"]
[Black "KorolDimitriy75"]
[Result "1/2-1/2"]
[WhiteElo "2180"]
[BlackElo "2382"]
[TimeControl "180+1"]
[EndTime "9:15:26 PDT"]
[Termination "Game drawn by agreement"]

1. d4 Nf6 2. Nf3 g6 3. c4 c5 4. d5 b5 5. cxb5 a6 6. b6 d6 7. Nc3 Nbd7 8. e4 Bg7 9. Bd3 O-O 10. O-O Nxb6 11. h3 e6 12. dxe6 Bxe6 13. Bf4 d5 14.
exd5 Nfxd5 15. Nxd5 Nxd5 16. Be5 Bxe5 17. Nxe5 Qf6 18.
Re1 Rfd8 19. Qf3 Qxf3 20. Nxf3 Nb4 21. Be4 Rab8 22. a3 Nd3 23. Bxd3 Rxd3 24. Ne5 Rd2 25. b4 cxb4 26. axb4 Rxb4 27. Rxa6 Rbb2 28. Rxe6 fxe6 29. Nc4 Rxf2 30. Nxb2 Rxb2 31. Rxe6 Kf7 32. Rc6 1/2-1/2

[Event "Early-Titled-Tuesday-Blitz-April-02-2024"]
[Site "Chess.com"]
[Date "2024.04.02"]
[Round "7"]
[White "gorgeous1083"]
[Black "toninhojit"]
[Result "0-1"]
[WhiteElo "2221"]
[BlackElo "2494"]
[TimeControl "180+1"]
[EndTime "9:15:39 PDT"]
[Termination "toninhojit won by resignation"]

1. d4 Nf6 2. c4 c5 3. d5 e6 4. Nc3 exd5 5. cxd5 d6 6. Bf4 a6 7. a4 g6 8. Nf3 Bg7 9. h3 O-O 10. e4 Re8 11. Nd2 Nh5 12. Be3 f5 13. exf5 Rxe3+ 14.
fxe3 Qh4+ 15. Ke2 Ng3+ 16. Kd3 Bxf5+ 17. e4 Nxh1 18. Qf3 Nf2+ 19. Ke2 Bxc3 20. bxc3 Nxe4 21. Nxe4 Qxe4+ 22. Qxe4 Bxe4 23. c4 Nd7 24. Ke3 Re8 25. Kf4 h6 26. h4 Bf5 27. Ra3 Re4+ 28. Kg3 Rg4+ 29. Kf2 Rxh4 30. g3 Rd4 31. Rb3 b6 32.
Be2 a5 33. Rb2 h5 34. Rb3 Rd2 35. Ke3 Ra2 36. Kf4 Kg7 37. Re3 Ne5 38. Bxh5 Rf2+ 39. Bf3 Kf6 40. g4 Bxg4 0-1

[Event "Early-Titled-Tuesday-Blitz-April-02-2024"]
[Site "Chess.com"]
[Date "2024.04.02"]
[Round "7"]
[White "Alenzer"]
[Black "Donskov_AN"]
[Result "0-1"]
[WhiteElo "2198"]
[BlackElo "2375"]
[TimeControl "180+1"]
[EndTime "9:15:40 PDT"]
[Termination "Donskov_AN won by checkmate"]

1. e4 e5 2. Nf3 Nc6 3. Bb5 a6 4. Ba4 d6 5. c3 Bd7 6. O-O g5 7. d4 g4 8. d5 Nce7 9. Bxd7+ Qxd7 10. Nh4 h5 11. f4 exf4 12. Bxf4 Bg7 13. Nd2 O-O-O 14. b4 Bf6 15. Bg3 Bxc3 16. Rb1 Ng6 17. Nc4 Qe7 18. Nf5 Qxe4 19. Qb3 Bd4+ 20. Kh1 h4 21.
Bf2 h3 22. Qg3 Be5 23. Nd2 hxg2+ 24. Qxg2 Rxh2+ 25. Kg1 Qxg2# 0-1

[Event "Early-Titled-Tuesday-Blitz-April-02-2024"]
[Site "Chess.com"]
[Date "2024.04.02"]
[Round "7"]
[White "ReadySkate"]
[Black "the_chess_child"]
[Result "0-1"]
[WhiteElo "2597"]
[BlackElo "2828"]
[TimeControl "180+1"]
[EndTime "9:15:41 PDT"]
[Termination "the_chess_child won by resignation"]

1. d4 Nf6 2. c4 g6 3. Nc3 Bg7 4. e4 d6 5. Be2 O-O 6. Bg5 c5 7. d5 h6 8. Bf4 a6 9. a4 Qa5 10. Qd2 b5 11. cxb5 axb5 12. Bxb5 Nbd7 13. Nf3 Nxe4 14. Nxe4 Qxb5 15. axb5 Rxa1+ 16. Ke2 Rxh1 17. Qa5 Rb1 18. Nfd2 Rxb2 19. Kd1 Nf6 20. Nxf6+ Bxf6 21. Bxh6 Re8 22. b6 Bf5 23. Nc4 Rb4 24. Ne3 Rb8 25. Nxf5 gxf5 26. Qa3 R8xb6 27. Qg3+ Rg4 28. Qf3 Rb1+ 29.
Ke2 Rb2+ 30. Kf1 Bd4 31. Be3 Bxe3 32. fxe3 Rgxg2 33. Qh5 Rxh2 34. Qg5+ Kf8 35. Kg1 Rbg2+ 36. Qxg2 Rxg2+ 37. Kxg2 e6 38. Kf3 exd5 39. Kf4 Ke7 0-1

[Event "Early-Titled-Tuesday-Blitz-April-02-2024"]
[Site "Chess.com"]
[Date "2024.04.02"]
[Round "7"]
[White "AA95"]
[Black "Bilan_Danila"]
[Result "1-0"]
[WhiteElo "2504"]
[BlackElo "2581"]
[TimeControl "180+1"]
[EndTime "9:15:42 PDT"]
[Termination "AA95 won by checkmate"]

1. Nf3 d5 2. g3 Nf6 3. Bg2 Bf5 4. O-O e6 5. c4 c6 6. Qb3 Qb6 7. Nc3 Nbd7 8. d4 Qxb3 9. axb3 Bb4 10. Bf4 h6 11. h3 O-O 12. Ne5 Nxe5 13. Bxe5 Bc2 14. Bxf6 gxf6 15. e4 dxc4 16. bxc4 Bd3 17. Rfc1 Bxc4 18.
Na4 Bb5 19. Nc3 Ba6 20. d5 Rac8 21. dxc6 Rxc6 22. e5 Rc5 23. exf6 Rfc8 24. Rd1 Bxc3 25. bxc3 Rxc3 26. Rd7 R3c7 27. Rad1 Bb5 28. Rxc7 Rxc7 29. Rd8+ Kh7 30. Be4# 1-0

[Event "Early-Titled-Tuesday-Blitz-April-02-2024"]
[Site "Chess.com"]
[Date "2024.04.02"]
[Round "7"]
[White "rhwr"]
[Black "Kushch_Nikolai"]
[Result "0-1"]
[WhiteElo "2255"]
[BlackElo "2427"]
[TimeControl "180+1"]
[EndTime "9:15:43 PDT"]
[Termination "Kushch_Nikolai won by resignation"]

1. e4 c5 2. Nf3 e6 3. d4 cxd4 4.
Nxd4 a6 5. c4 Nf6 6. Nc3 Qc7 7.
Be3 b6 8. f3 Bb7 9. Bd3 d6 10.
O-O Nbd7 11. Rc1 h5 12. b3 Be7 13. Bb1 Rc8 14. h3 h4 15. f4 Nc5 16. Qf3 Nfxe4 17. Nxe4 f5 18. Nxe6 Nxe6 19. Rce1 O-O 20. Qh5 fxe4 21. f5 Nc5 22. Qg6 Bf6 23. Rf4 Nd3 24. Bxd3 exd3 25. Rg4 Qf7 26. Rd1 Qxg6 27. fxg6 d5 28. Rxd3 dxc4 29. bxc4 Rc6 30. Rd7 Bc8 0-1

[Event "Early-Titled-Tuesday-Blitz-April-02-2024"]
[Site "Chess.com"]
[Date "2024.04.02"]
[Round "7"]
[White "MarijaKuznecova"]
[Black "RantomOpening"]
[Result "0-1"]
[WhiteElo "2420"]
[BlackElo "2572"]
[TimeControl "180+1"]
[EndTime "9:15:45 PDT"]
[Termination "RantomOpening won by resignation"]

1. e4 c5 2. Nf3 e6 3. d4 cxd4 4.
Nxd4 Nf6 5. Nc3 Nc6 6. Ndb5 Bc5 7.
Bf4 O-O 8. Bd6 Qb6 9. Qd2 Bxd6 10. Nxd6 Nd4 11. Nc4 Qc5 12. b4 Qxb4 13. Qxd4 Nxe4 14. Bd3 Qxc3+ 15. Qxc3 Nxc3 16. Kd2 Na4 17. Nd6 Nc5 18. Be2 b6 19. Bf3 Rb8 20. a4 Nb7 21.
Nb5 d5 22. Nxa7 Bd7 23. Nb5 Nc5 24. Rhb1 Ra8 25. c4 Rxa4 26. Rxa4 Nxa4 27. cxd5 exd5 28. Bxd5 Rd8 29. Nc7 Bc6 30. Rb4 Bxd5 31. Rxa4 Bc6+ 0-1

[Event "Early-Titled-Tuesday-Blitz-April-02-2024"]
[Site "Chess.com"]
[Date "2024.04.02"]
[Round "7"]
[White "azikom"]
[Black "Ralf61"]
[Result "1-0"]
[WhiteElo "2643"]
[BlackElo "2528"]
[TimeControl "180+1"]
[EndTime "9:15:49 PDT"]
[Termination "azikom won by resignation"]

1. d4 Nf6 2. Nf3 g6 3. Nc3 d5 4. Bf4 Bg7 5. Qd2 Ne4 6. Nxe4 dxe4 7. Ne5 Nd7 8. Nxd7 Bxd7 9. O-O-O O-O 10. f3 exf3 11.
exf3 Be6 12. d5 Bd7 13. Bh6 Bxh6 14. Qxh6 e6 15. dxe6 fxe6 16. Bc4 Qe7 17. Rhe1 Rae8 18. h4 Bc8 19. Bb3 Kh8 20. Re5 Qg7 21. Qe3 Rf5 22. Re4 Qf6 23. Qxa7 Rf4 24. Qe3 Rxh4 25. Rxh4 Qxh4 26. Qe5+ Qf6 27. Qxf6+ 1-0

[Event "Early-Titled-Tuesday-Blitz-April-02-2024"]
[Site "Chess.com"]
[Date "2024.04.02"]
[Round "7"]
[White "javirec"]
[Black "David_ATM"]
[Result "0-1"]
[WhiteElo "2274"]
[BlackElo "2417"]
[TimeControl "180+1"]
[EndTime "9:15:49 PDT"]
[Termination "David_ATM won on time"]

1. e4 e5 2. Nf3 Nc6 3. Bb5 a6 4. Ba4 Nf6 5. O-O Be7 6. Re1 b5 7. Bb3 O-O 8. c3 d5 9. d4 dxe4 10. Nxe5 Nxe5 11. dxe5 Qxd1 12. Rxd1 Ng4 13. Bf4 Bc5 14. Rf1 e3 15. fxe3 Nxe3 16. Bxe3 Bxe3+ 17. Kh1 Bb7 18. Na3 c5 19. Rae1 Bg5 20. Bc2 Rae8 21. Bf5 g6 22. Bg4 Re7 23. Nc2 Rfe8 24. e6 f5 25. Bf3 Bxf3 26. Rxf3 Rxe6 27. Rxe6 Rxe6 28. h3 Re2 29. Na3 Rxb2 0-1

[Event "Early-Titled-Tuesday-Blitz-April-02-2024"]
[Site "Chess.com"]
[Date "2024.04.02"]
[Round "7"]
[White "colegiodemadrid"]
[Black "kai_nov"]
[Result "1-0"]
[WhiteElo "2508"]
[BlackElo "2336"]
[TimeControl "180+1"]
[EndTime "9:15:50 PDT"]
[Termination "colegiodemadrid won by resignation"]

1. e4 c5 2. Nf3 Nc6 3. d4 cxd4 4.
Nxd4 e5 5. Nb5 a6 6. Nd6+ Bxd6 7. Qxd6 Qe7 8. Qxe7+ Ngxe7 9. Nc3 d5 10. exd5 Nb4 11.
Bd3 Nexd5 12. Nxd5 Nxd5 13. Bd2 Be6 14. O-O-O O-O 15.
Rhe1 f6 16. f4 Bg4 17. Bc4 Rad8 18. Bb4 Bxd1 19. Rxd1 Rfe8 20. Bxd5+ Kh8 21. f5 e4 22. Be6 Rxd1+ 23. Kxd1 g6 24. g4 gxf5 25. gxf5 Rd8+ 26.
Ke2 Kg7 27. c4 b6 28. b3 a5 29. Ba3 Rd3 30. Bd5 Rh3 31. Bd6 e3 32. Bg3 Rh5 33. Be4 Kf7 34. Kxe3 Ke7 35. Kf4 Rg5 36. Bf2 Rh5 37.
Kg3 Rg5+ 38. Kh3 Rh5+ 39. Kg2 Rg5+ 40. Kf3 Rh5 41. h4 Kd6 42. Kg4 Rh6 43. Be3 Kc7 44.
Bxh6 1-0

[Event "Early-Titled-Tuesday-Blitz-April-02-2024"]
[Site "Chess.com"]
[Date "2024.04.02"]
[Round "7"]
[White "LileKoridze"]
[Black "Ariadna_Atreides"]
[Result "1-0"]
[WhiteElo "2409"]
[BlackElo "2195"]
[TimeControl "180+1"]
[EndTime "9:15:50 PDT"]
[Termination "LileKoridze won by checkmate"]

1. d4 Nf6 2. c4 e6 3. Nf3 Bb4+ 4.
Bd2 Bxd2+ 5. Nbxd2 c5 6. e3 O-O 7. Bd3 d5 8. O-O cxd4 9. exd4 dxc4 10. Nxc4 Nc6 11. Rc1 g6 12. Bb1 Ne7 13. Qd2 Kg7 14. Rfe1 b5 15. Na5 Qb6 16. Ne5 Rd8 17. Nac6 Nxc6 18.
Nxc6 Rd6 19. d5 Nxd5 20. Ne5 Bb7 21. Ng4 h5 22. Qh6+ Kg8 23. Bxg6 fxg6 24. Qxg6+ Kf8 25. Ne5 Ke7 26. Qf7+ Kd8 27. Qf8# 1-0

[Event "Early-Titled-Tuesday-Blitz-April-02-2024"]
[Site "Chess.com"]
[Date "2024.04.02"]
[Round "7"]
[White "Mops_2004"]
[Black "Beca95"]
[Result "0-1"]
[WhiteElo "2777"]
[BlackElo "2945"]
[TimeControl "180+1"]
[EndTime "9:15:51 PDT"]
[Termination "Beca95 won by resignation"]

1. Nf3 d5 2. g3 Bg4 3. Bg2 e6 4. h3 Bxf3 5. Bxf3 Nc6 6. d4 Qd7 7. c3 f5 8. c4 dxc4 9. O-O Nf6 10. e3 e5 11. dxe5 Nxe5 12. Bxb7 Rb8 13. Bg2 Bd6 14.
Qc2 h5 15. h4 g5 16. hxg5 Nfg4 17. f3 Nd3 18. fxg4 hxg4 19. Qxc4 Ne5 20. Qc2 Qh7 21. Bd5 Nf3+ 22. Bxf3 gxf3 23. Qc6+ Ke7 24. Kf2 Qh2+ 0-1

[Event "Early-Titled-Tuesday-Blitz-April-02-2024"]
[Site "Chess.com"]
[Date "2024.04.02"]
[Round "7"]
[White "tomesao"]
[Black "lamomiajunior"]
[Result "0-1"]
[WhiteElo "2543"]
[BlackElo "2697"]
[TimeControl "180+1"]
[EndTime "9:15:51 PDT"]
[Termination "lamomiajunior won by resignation"]

1. Nf3 d5 2. c4 e6 3. e3 Nf6 4. Nc3 c6 5. b3 Be7 6. Bb2 O-O 7. Be2 b6 8. Rg1 c5 9. cxd5 exd5 10. d4 Nc6 11.
Ne5 Bb7 12. g4 cxd4 13. exd4 Bd6 14. g5 Ne4 15. Nxd5 Re8 16. Ng4 Bxh2 17. Rg2 Qxd5 18. Rxh2 Nxg5 19. Kf1 Nb4 20. Bc4 Qf5 21. Ne5 Nd5 22.
Bd3 Ne3+ 23. Ke2 Nxd1 24. Bxf5 Nxb2 25. Bxh7+ Nxh7 0-1

[Event "Early-Titled-Tuesday-Blitz-April-02-2024"]
[Site "Chess.com"]
[Date "2024.04.02"]
[Round "7"]
[White "Msb2"]
[Black "Fy_Rakotomaharo"]
[Result "1-0"]
[WhiteElo "3017"]
[BlackElo "2696"]
[TimeControl "180+1"]
[EndTime "9:15:53 PDT"]
[Termination "Msb2 won by resignation"]

1. d4 Nf6 2. c4 e6 3. Nc3 d5 4.
cxd5 exd5 5. Bg5 c6 6. e3 h6 7. Bf4 Bd6 8. Bxd6 Qxd6 9. Bd3 O-O 10. Nge2 Re8 11. Qd2 Nbd7 12. f3 c5 13. O-O-O a6 14. g4 b5 15. h4 b4 16. Na4 c4 17. Bc2 Nb6 18. Nxb6 Qxb6 19. g5 Nh5 20. gxh6 Qxh6 21. e4 Qxd2+ 22. Kxd2 Be6 23. Rhg1 Rad8 24. e5 g6 25. f4 Ng7 26. Ng3 Bg4 27. Rdf1 Kf8 28. f5 gxf5 29. Bxf5 Nxf5 30. Nxf5 Bxf5 31. Rxf5 Re6 32.
h5 Rd7 33. Rf6 Rdd6 34. h6 Ke7 35. h7 1-0

[Event "Early-Titled-Tuesday-Blitz-April-02-2024"]
[Site "Chess.com"]
[Date "2024.04.02"]
[Round "7"]
[White "IsaqueGoncalvesSanto"]
[Black "Navyblue1"]
[Result "1-0"]
[WhiteElo "1932"]
[BlackElo "2257"]
[TimeControl "180+1"]
[EndTime "9:15:53 PDT"]
[Termination "IsaqueGoncalvesSanto won by resignation"]

1. d4 Nf6 2. c4 g6 3. Nc3 Bg7 4. e4 d6 5. f3 O-O 6. Be3 c5 7. d5 a6 8. Qd2 Bd7 9. g4 b5 10. cxb5 axb5 11. Bxb5 Bxb5 12. Nxb5 Na6 13. Ne2 Nd7 14.
O-O Ne5 15. Rac1 Rb8 16. a4 Nb4 17. b3 Na6 18. Kg2 Nc7 19. Nec3 Nd7 20. Nxc7 Bxc3 21. Qxc3 Qxc7 22. Bh6 Ne5 23. f4 f6 24. fxe5 dxe5 25.
Bxf8 Kxf8 26. Qxc5 Qxc5 27. Rxc5 Rxb3 28. Rc4 Ra3 29.
Rf2 Kf7 30. Rb2 h5 31. gxh5 gxh5 32. Rb8 Re3 33. a5 Ra3 34. Rb5 f5 35. exf5 Kf6 36. Rc6+ Kxf5 37. a6 Kf4 38. Rb7 e4 39. Rxe7 e3 40.
Rce6 Ra2+ 41. Kh3 Kf3 42. Rf7+ Ke2 43. a7 Kd2 44. Rfe7 1-0

[Event "Early-Titled-Tuesday-Blitz-April-02-2024"]
[Site "Chess.com"]
[Date "2024.04.02"]
[Round "7"]
[White "xasid81"]
[Black "ExchangeAB"]
[Result "0-1"]
[WhiteElo "2620"]
[BlackElo "2479"]
[TimeControl "180+1"]
[EndTime "9:15:54 PDT"]
[Termination "ExchangeAB won by resignation"]

1. g3 d5 2. Bg2 e5 3. b3 c6 4. Bb2 Bd6 5. d3 Ne7 6. e3 O-O 7. Ne2 Bg4 8. h3 Bh5 9. Nd2 Nd7 10. O-O f6 11. g4 Bf7 12. f4 a5 13. f5 b5 14. c4 a4 15. cxb5 cxb5 16. bxa4 Qb6 17.
d4 Rxa4 18. Nc3 Ra7 19. Nb3 b4 20. Ne2 g6 21. fxg6 hxg6 22. e4 dxe4 23. Bxe4 Be6 24. Kh1 f5 25. gxf5 gxf5 26. d5 Nf6 27. dxe6 Nxe4 28.
Qd3 Ng6 29. Qf3 Rg7 30. Rg1 Nf2+ 31. Kh2 e4+ 32. Qg3 Bxg3+ 33. Rxg3 f4 34. Rg5 f3 35.
Bxg7 Kxg7 36. Nf4 Rxf4 0-1

[Event "Early-Titled-Tuesday-Blitz-April-02-2024"]
[Site "Chess.com"]
[Date "2024.04.02"]
[Round "7"]
[White "zverr1"]
[Black "Tugrik1969"]
[Result "1-0"]
[WhiteElo "2562"]
[BlackElo "2544"]
[TimeControl "180+1"]
[EndTime "9:15:57 PDT"]
[Termination "zverr1 won by resignation"]

1. e4 c5 2. Nf3 d6 3. Nc3 Nc6 4. Bb5 Bd7 5. d4 cxd4 6. Nxd4 Nf6 7. O-O g6 8. h3 Bg7 9. Be3 O-O 10. Be2 a6 11. a4 Qc7 12. f4 Nxd4 13. Bxd4 Bc6 14. Bf3 b5 15. axb5 axb5 16. Rxa8 Rxa8 17. e5 dxe5 18. fxe5 Ne8 19. e6 Bxf3 20. exf7+ Kxf7 21. Qxf3+ Bf6 22. Qxa8 1-0

[Event "Early-Titled-Tuesday-Blitz-April-02-2024"]
[Site "Chess.com"]
[Date "2024.04.02"]
[Round "7"]
[White "chito89"]
[Black "Gennady_Kozlov"]
[Result "0-1"]
[WhiteElo "2787"]
[BlackElo "2640"]
[TimeControl "180+1"]
[EndTime "9:15:58 PDT"]
[Termination "Gennady_Kozlov won on time"]

1. e4 e6 2. d4 d5 3. e5 c5 4. c3 Nc6 5. Nf3 Bd7 6. Bd3 Qb6 7. O-O cxd4 8. h4 dxc3 9. Nxc3 Nge7 10. Be3 d4 11. Na4 Qa5 12. Bd2 Qc7 13. Rc1 Qb8 14.
Nc5 Nd5 15. Nxd7 Kxd7 16. Be4 Be7 17. Qb3 Rd8 18. Bxd5 exd5 19. Qxd5+ Ke8 20. Qe4 g6 21. Ng5 Qxe5 0-1

[Event "Early-Titled-Tuesday-Blitz-April-02-2024"]
[Site "Chess.com"]
[Date "2024.04.02"]
[Round "7"]
[White "maximnovik"]
[Black "Alen_Yeremyann"]
[Result "0-1"]
[WhiteElo "2594"]
[BlackElo "2824"]
[TimeControl "180+1"]
[EndTime "9:15:59 PDT"]
[Termination "Alen_Yeremyann won by resignation"]

1. e4 c5 2. Nf3 Nc6 3. Bb5 e6 4.
O-O Nge7 5. c3 a6 6. Ba4 Ng6 7. Re1 Be7 8. d4 cxd4 9. cxd4 b5 10. Bb3 Na5 11. Bc2 O-O 12. Nc3 d6 13. Ne2 Bb7 14. Ng3 Rc8 15. b3 Nc6 16. Bd2 d5 17. e5 Nb4 18. Bb1 Qc7 19. Re2 Nc2 20. Bxc2 Qxc2 21.
Bg5 Qxd1+ 22. Rxd1 Bxg5 23. Nxg5 Nf4 24. Red2 Rc3 25.
Nf1 Rfc8 26. g3 Ng6 27. Ne3 h6 28. Nf3 b4 29. Ne1 a5 30. Nd3 Ba6 31. Nc5 Bb5 32. Rb1 Nxe5 33. dxe5 R8xc5 34. Rbd1 a4 35. Rd4 axb3 36.
axb3 Rxb3 37. Kg2 Rb2 38. Ra1 Rc3 39. Ra8+ Kh7 40. Ng4 Be2 41. Rf4 Bxg4 42. Rxg4 Rc4 0-1

[Event "Early-Titled-Tuesday-Blitz-April-02-2024"]
[Site "Chess.com"]
[Date "2024.04.02"]
[Round "7"]
[White "Meri-Arabidze"]
[Black "Aisen1011"]
[Result "1-0"]
[WhiteElo "2689"]
[BlackElo "2491"]
[TimeControl "180+1"]
[EndTime "9:16:03 PDT"]
[Termination "Meri-Arabidze won on time"]

1. Nf3 d5 2. c4 c6 3. g3 Nf6 4.
Bg2 Bf5 5. Qb3 Qb6 6. d3 e6 7. Be3 Qxb3 8. axb3 a6 9. Nh4 Bg4 10. h3 Bh5 11. g4 Bg6 12. f4 Be7 13. Nxg6 hxg6 14. Bd4 Nbd7 15. O-O Bc5 16. Bxc5 Nxc5 17. Nd2 Ke7 18. b4 Ncd7 19. Nb3 Rab8 20. Na5 Nb6 21. Rfc1 dxc4 22. dxc4 Rhd8 23. Rc2 Rd4 24. Bxc6 Rxf4 25. Bxb7 Rh8 26. Bg2 Rd8 27. Nc6+ Ke8 28. Nxd8 Kxd8 29.
c5 Nc4 30. Rxa6 Ne3 31. Rd2+ Ke7 32. Ra7+ Ke8 33. c6 Nfd5 34. b5 1-0

[Event "Early-Titled-Tuesday-Blitz-April-02-2024"]
[Site "Chess.com"]
[Date "2024.04.02"]
[Round "7"]
[White "AjedrezenMadrid"]
[Black "fmcabralis"]
[Result "1-0"]
[WhiteElo "2568"]
[BlackElo "2414"]
[TimeControl "180+1"]
[EndTime "9:16:03 PDT"]
[Termination "AjedrezenMadrid won by checkmate"]

1. Nf3 Nf6 2. b3 g6 3. Bb2 Bg7 4. g3 O-O 5. Bg2 d5 6. c4 c6 7.
O-O Re8 8. d4 Bf5 9. Nc3 Nbd7 10. cxd5 cxd5 11. Rc1 Rc8 12. Ne5 e6 13. Nb5 Rxc1 14.
Qxc1 Nxe5 15. dxe5 Ne4 16. Qc7 a6 17. Qxd8 Rxd8 18.
Nd4 Rc8 19. Nxf5 gxf5 20. f3 Nd2 21. Rd1 Rc2 22. Bc1 Nb1 23. Kf1 Nc3 24. Re1 Bxe5 25. Bh6 Nxa2 26. b4 Bc3 27. Rb1 Nxb4 28. g4 a5 29. gxf5 exf5 30. Bh3 a4 31. Bxf5 Rb2 32. Rc1 d4 33. Kf2 a3 34. Rg1+ Kh8 35. Bg7+ Kg8 36. Bxd4+ Kf8 37. Bc5+ Ke8 38. Rg8# 1-0